[gd_scene load_steps=5 format=3 uid="uid://d3cdlbp6hktxj"]

[ext_resource type="Script" path="res://artiphonie/listen_choose/card_listen_choose.gd" id="1"]
[ext_resource type="AudioStream" uid="uid://b84mtxn4gg7jc" path="res://assets/sound/success_2.ogg" id="3"]
[ext_resource type="AudioStream" uid="uid://b0i2jk83i4vpp" path="res://assets/sound/fail_2.ogg" id="4"]
[ext_resource type="Theme" uid="uid://cpbbx2ie80qo" path="res://assets/theme/ButtonTheme.tres" id="6"]

[node name="card_listen_choose" type="Control"]
layout_mode = 3
anchors_preset = 15
anchor_right = 1.0
anchor_bottom = 1.0
grow_horizontal = 2
grow_vertical = 2
mouse_filter = 1
theme = ExtResource("6")
script = ExtResource("1")

[node name="correct" type="AudioStreamPlayer" parent="."]
stream = ExtResource("3")
volume_db = -20.0

[node name="incorrect" type="AudioStreamPlayer" parent="."]
stream = ExtResource("4")
volume_db = -20.0

[node name="CardButton" type="Button" parent="."]
layout_mode = 0
anchor_left = 0.05
anchor_top = 0.05
anchor_right = 0.95
anchor_bottom = 0.95
theme = ExtResource("6")

[node name="layout_0" type="Control" parent="CardButton"]
visible = false
anchors_preset = 0
anchor_right = 1.0
anchor_bottom = 1.0
offset_left = 1.33484
offset_right = 1.33484
mouse_filter = 1

[node name="word" type="Label" parent="CardButton/layout_0"]
visible = false
layout_mode = 0
anchor_top = 0.04
anchor_right = 1.0
anchor_bottom = 0.05
offset_bottom = 34.52
mouse_filter = 1
text = "Clown"

[node name="picture" type="TextureRect" parent="CardButton/layout_0"]
layout_mode = 0
anchor_left = 0.05
anchor_top = 0.1
anchor_right = 0.95
anchor_bottom = 0.9
stretch_mode = 6

[node name="VideoStreamPlayer" type="VideoStreamPlayer" parent="CardButton/layout_0"]
layout_mode = 0

[node name="borel_maisonny_container" type="HBoxContainer" parent="CardButton/layout_0"]
visible = false
layout_mode = 0
anchor_left = 0.02
anchor_top = 0.55
anchor_right = 0.98
anchor_bottom = 0.97
grow_horizontal = 2
alignment = 1

[node name="layout_1" type="Control" parent="CardButton"]
visible = false
anchors_preset = 0
anchor_right = 1.0
anchor_bottom = 1.0
offset_left = 1.33484
offset_right = 1.33484
mouse_filter = 1

[node name="word" type="Label" parent="CardButton/layout_1"]
layout_mode = 0
anchor_top = 0.04
anchor_right = 1.0
anchor_bottom = 0.05
offset_bottom = 21.56
mouse_filter = 1
text = "Clown"

[node name="picture" type="TextureRect" parent="CardButton/layout_1"]
layout_mode = 0
anchor_left = 0.05
anchor_top = 0.15
anchor_right = 0.95
anchor_bottom = 0.5
stretch_mode = 6

[node name="borel_maisonny_container" type="HBoxContainer" parent="CardButton/layout_1"]
layout_mode = 0
anchor_left = 0.02
anchor_top = 0.55
anchor_right = 0.98
anchor_bottom = 0.97
grow_horizontal = 2
alignment = 1

[node name="layout_2" type="Control" parent="CardButton"]
visible = false
anchors_preset = 0
anchor_right = 1.0
anchor_bottom = 1.0
mouse_filter = 1

[node name="word" type="Label" parent="CardButton/layout_2"]
layout_mode = 0
anchor_top = 0.04
anchor_right = 1.0
anchor_bottom = 0.05
offset_bottom = 21.56
mouse_filter = 1
text = "Clown"

[node name="picture" type="TextureRect" parent="CardButton/layout_2"]
layout_mode = 0
anchor_left = 0.05
anchor_top = 0.15
anchor_right = 0.95
anchor_bottom = 0.913
stretch_mode = 6

[node name="borel_maisonny_container" type="HBoxContainer" parent="CardButton/layout_2"]
visible = false
layout_mode = 0
anchor_left = 0.02
anchor_top = 0.55
anchor_right = 0.98
anchor_bottom = 0.97
grow_horizontal = 2
alignment = 1

[node name="layout_3" type="Control" parent="CardButton"]
visible = false
anchors_preset = 0
anchor_right = 1.0
anchor_bottom = 1.0
mouse_filter = 1

[node name="word" type="Label" parent="CardButton/layout_3"]
layout_mode = 0
anchor_top = 0.04
anchor_right = 1.0
anchor_bottom = 0.05
offset_bottom = 21.56
mouse_filter = 1
text = "Clown"

[node name="picture" type="TextureRect" parent="CardButton/layout_3"]
visible = false
layout_mode = 0
anchor_left = 0.05
anchor_top = 0.15
anchor_right = 0.95
anchor_bottom = 0.5
stretch_mode = 6

[node name="borel_maisonny_container" type="HBoxContainer" parent="CardButton/layout_3"]
layout_mode = 0
anchor_left = 0.02
anchor_top = 0.191
anchor_right = 0.98
anchor_bottom = 0.97
grow_horizontal = 2
alignment = 1

[node name="layout_4" type="Control" parent="CardButton"]
visible = false
anchors_preset = 0
anchor_right = 1.0
anchor_bottom = 1.0
mouse_filter = 1

[node name="word" type="Label" parent="CardButton/layout_4"]
layout_mode = 0
anchor_top = 0.04
anchor_right = 1.0
anchor_bottom = 0.05
offset_bottom = 21.56
mouse_filter = 1
text = "Clown"

[node name="picture" type="TextureRect" parent="CardButton/layout_4"]
visible = false
layout_mode = 0
anchor_left = 0.05
anchor_top = 0.15
anchor_right = 0.95
anchor_bottom = 0.5
stretch_mode = 6

[node name="borel_maisonny_container" type="HBoxContainer" parent="CardButton/layout_4"]
visible = false
layout_mode = 0
anchor_left = 0.02
anchor_top = 0.191
anchor_right = 0.98
anchor_bottom = 0.97
grow_horizontal = 2
alignment = 1

[connection signal="finished" from="correct" to="." method="_on_correct_finished"]
[connection signal="finished" from="incorrect" to="." method="_on_incorrect_finished"]
[connection signal="pressed" from="CardButton" to="." method="_on_CardButton_pressed"]
